Map: Nightshade LE

Players

ShoWTimE

  • Race: Protoss Protoss
  • Spawn Location: 5:00

cure - Winner!

  • Race: Terran Terran
  • Spawn Location: 11:00

Event: StayAtHomestory Cup #1

VOD

Have the link to the VOD?

Description

Time

  • Played on: April 10, 2020, 6:36 a.m.
  • Length: 7:35

All games in this series

Show
View Real Time Build Order
Export as new Build Order

ShoWTimE Protoss 

Build Orders: 1 Gate Expand, Dark Templar Rush 

Get SALT Encoding   

  12  0:00  Probe  
  13  0:12  Probe  
  14  0:17  Pylon  
  14  0:25  Probe (Chrono Boost)  
  15  0:37  Probe (Chrono Boost), Gateway  
  16  0:44  Probe (Chrono Boost)  
  16  0:46  Assimilator  
  17  0:51  Probe  
  18  1:03  Probe  
  19  1:15  Probe  
  20  1:23  Cybernetics Core  
  20  1:32  Nexus  
  20  1:35  Probe  
  21  1:42  Pylon  
  22  1:47  Probe  
  22  1:50  Assimilator  
  22  1:59  Probe  
  25  2:06  Warp Gate  
  23  2:11  Probe  
  24  2:21  Twilight Council  
  24  2:23  Adept (Chrono Boost)  
  24  2:24  Probe  
  28  2:38  Probe (Chrono Boost)  
  28  2:44  Probe (Chrono Boost)  
  29  2:49  Adept  
  32  2:53  Probe x2 (Chrono Boost)  
  32  2:54  Pylon  
  33  2:59  Probe  
  33  3:00  Probe  
  33  3:01  Dark Shrine  
  35  3:11  Probe, Gateway  
  35  3:12  Probe (Chrono Boost)  
  37  3:19  Gateway  
  37  3:23  Probe (Chrono Boost)  
  39  3:30  Probe (Chrono Boost), Stalker  
  39  3:33  Probe (Chrono Boost)  
  42  3:39  Probe (Chrono Boost)  
  44  3:42  Robotics Facility  
  44  3:43  Probe (Chrono Boost)  
  44  3:47  Assimilator  
  44  3:49  Probe (Chrono Boost), Assimilator  
  44  3:51  Probe (Chrono Boost)  
  44  3:54  Pylon  
  46  3:59  Probe  
  47  4:03  Probe  
  48  4:11  Probe  
  48  4:12  Pylon  
  48  4:13  Dark Templar x2  
  48  4:16  Probe  
  54  4:22  Stalker  
  54  4:23  Probe  
  57  4:28  Pylon  
  57  4:29  Probe  
  58  4:35  Probe  
  58  4:36  Observer (Chrono Boost)  
  58  4:45  Dark Templar  
  59  4:52  Charge (Chrono Boost)  
  58  4:54  Gateway, Immortal (Chrono Boost)  
  58  4:56  Pylon  
  60  5:07  Nexus  
  60  5:10  Shield Battery  
  60  5:14  Sentry, Zealot  
  60  5:18  Gateway  
  64  5:24  Shield Battery  
  64  5:25  Zealot  
  64  5:27  Observer  
  67  5:32  Probe, Pylon  
  69  5:38  Stalker  
  71  5:42  Gateway  
  71  5:43  Pylon  
  71  5:45  Probe x2  
  71  5:49  Zealot  
  74  5:51  Zealot  
  76  6:02  Zealot  
  74  6:07  Gateway  
  74  6:10  Zealot  
  75  6:13  Zealot x2  
  75  6:17  Pylon  
  73  6:28  Probe  
  73  6:30  Zealot  
  62  6:36  Zealot x2  
  62  6:39  Zealot  
  56  6:51  Dark Templar  
  55  6:54  Gateway, Zealot x3  
  59  7:01  Stalker  
  61  7:09  Stalker x3  
  55  7:27  Dark Templar x2  
Show
View Real Time Build Order
Export as new Build Order

cure Terran - Winner!

Build Orders: Banshee Rush 

Get SALT Encoding   

  12  0:00  SCV  
  13  0:12  SCV  
  14  0:17  Supply Depot  
  14  0:25  SCV  
  15  0:38  SCV  
  15  0:41  Barracks  
  15  0:42  Refinery  
  16  0:50  SCV  
  17  1:03  SCV  
  18  1:15  SCV  
  19  1:28  Marine, Orbital Command  
  20  1:43  Command Center  
  20  1:47  Barracks Reactor  
  20  1:53  Supply Depot  
  20  1:55  SCV  
  21  2:07  SCV  
  22  2:11  Factory  
  22  2:16  Refinery  
  22  2:20  SCV  
  23  2:24  Marine x2  
  25  2:32  SCV  
  26  2:42  Marine x2  
  26  2:44  SCV  
  29  2:55  Hellion  
  29  2:56  SCV, Starport  
  29  2:57  Orbital Command  
  32  3:01  Marine  
  32  3:03  Marine  
  34  3:08  SCV  
  34  3:11  Supply Depot  
  35  3:16  Factory Tech Lab  
  35  3:20  Marine, SCV  
  35  3:21  Marine  
  35  3:23  SCV  
  39  3:32  SCV  
  40  3:36  SCV  
  40  3:38  Cloaking Field  
  40  3:40  Banshee, Factory Tech Lab  
  44  3:45  Supply Depot  
  44  3:48  Marine x2  
  44  3:50  SCV  
  44  3:52  SCV  
  48  4:00  Siege Tank  
  51  4:06  Marine x2, SCV  
  51  4:07  SCV  
  51  4:09  Supply Depot  
  55  4:12  Supply Depot  
  55  4:18  SCV  
  55  4:19  SCV  
  60  4:28  Marine x2  
  62  4:36  SCV x2  
  61  4:39  Engineering Bay  
  61  4:40  Raven  
  59  4:48  SCV x2  
  59  4:50  Siege Tank  
  59  4:52  Marine x2  
  66  4:55  Supply Depot  
  66  5:00  SCV x2  
  67  5:11  Missile Turret x2  
  67  5:12  Marine x2, SCV  
  67  5:13  SCV  
  71  5:18  Supply Depot  
  71  5:24  SCV  
  71  5:25  SCV  
  73  5:30  Siege Tank  
  73  5:32  Marine x2  
  78  5:37  Banshee  
  81  5:46  SCV x2  
  81  5:47  Supply Depot  
  83  5:50  Marine x2  
  85  6:06  Bunker  
  85  6:08  Marine x2, Bunker  
  85  6:12  Siege Tank  
  85  6:13  SCV x2  
  86  6:25  SCV  
  86  6:26  SCV  
  86  6:30  Marine x2  
  86  6:31  Banshee  
  79  6:38  SCV x2  
  75  6:47  Siege Tank  
  75  6:48  Marine x2  
  75  6:49  Command Center  
  75  6:50  SCV x2  
  80  7:02  SCV x2  
  80  7:06  Marine x2  
  81  7:14  SCV x2  
  80  7:31  Missile Turret  
Tags
 
Add a new tag
Caveats
  • Supply blocks, unpowered buildings, or Contaminate may cause inaccurate times.
  • Supply counts are checked every 10 seconds.